 Dungeon Crawl Stone Soup version 0.23.0 (webtiles) character file.

Game seed: 11464098762861687072

111 Esekla the Conjurer (level 4, 0/22 HPs)
             Began as a Vine Stalker Conjurer on Feb 19, 2019.
             Killed by divine providence
             ... invoked by an orc priest
              (10 damage)
             ... on level 3 of the Dungeon.
             The game lasted 00:18:58 (1718 turns).

Esekla the Conjurer (Vine Stalker Conjurer)         Turns: 1718, Time: 00:18:58

Health: 0/22       AC:  5    Str: 11    XL:     4   Next: 92%
Magic:  0/8        EV: 12    Int: 16    God:
Gold:   84         SH:  0    Dex: 14    Spells: 2/8 levels left

rFire    . . .     SeeInvis .   b - +0 dagger
rCold    . . .     Gourm    .   (no shield)
rNeg     . . .     Faith    .   a - +0 robe
rPois    .         Spirit   +   (no helmet)
rElec    .         Reflect  .   l - +2 cloak
rCorr    .         Harm     .   (no gloves)
MR       .....                  (no boots)
Stlth    ++........             (no amulet)
HPRegen  0.47/turn              (no ring)
MPRegen  0.11/turn              (no ring)

@: no status effects
A: fangs 2, regeneration 1, magic shield, antimagic bite, no potion heal 3, rot
immunity
a: no special abilities


You were on level 3 of the Dungeon.
You were not hungry.

You visited 1 branch of the dungeon, and saw 3 of its levels.

You collected 84 gold pieces.

Inventory:

Hand Weapons
 b - a +0 dagger (weapon)
Armour
 a - a +0 robe (worn)
 l - a +2 cloak (worn)
Wands
 p - a wand of disintegration (13)
Scrolls
 f - 2 scrolls of immolation {unknown}
 h - a scroll of identify {unknown}
 j - 2 scrolls of remove curse {unknown}
 m - a scroll of blinking {unknown}
 n - a scroll of teleportation {unknown}
 o - a scroll of fog {unknown}
Potions
 d - a potion of degeneration {unknown}
 e - 2 potions of resistance {unknown}
 g - a potion of invisibility {unknown}
 i - a potion of brilliance {unknown}
 k - a potion of lignification {unknown}
Comestibles
 c - 4 rations


   Skills:
 * Level 1.4 Fighting
 * Level 1.0 Short Blades
 + Level 1.7 Dodging
 - Level 2.4 Stealth
 + Level 2.6 Spellcasting
 + Level 5.0 Conjurations
 * Level 1.1 Hexes


You had 2 spell levels left.
You knew the following spells:

 Your Spells              Type           Power        Failure   Level  Hunger
a - Magic Dart            Conj           ###.         2%          1    #......
b - Searing Ray           Conj           ###...       3%          2    ##.....
d - Dazzling Spray        Conj/Hex       ##....       17%         3    ###....

Your spell library contained the following spells:

 Spells                   Type           Power        Failure   Level  Hunger
 Iskenderun's Mystic Bla  Conj           ###.....     24%         4    #####..
 Fulminant Prism          Conj/Hex       ##........   50%         4    #####..
 Force Lance              Conj/Tloc      ##......     56%         4    #####..


Dungeon Overview and Level Annotations

Branches:
Dungeon (3/15)

Altars:


Innate Abilities, Weirdness & Mutations

You have extremely sharp teeth.
Your natural rate of healing is unusually fast.
When hurt, damage is shared between your health and your magic reserves.
Your bite disrupts and absorbs the magic of your enemies.
Potions cannot restore your health.
You are immune to rotting.


Message History

Your Conjurations skill increases to level 5!
Your Hexes skill increases to level 1!
The searing ray hits the orc priest!
The orc priest is heavily wounded.
You finish channeling your searing ray.
The orc priest mumbles some strange prayers to Beogh against you.
Beogh smites you! The orc priest hits you with a +0 club.
Things that are here:
a +0 dagger; a +0 robe You barely miss the orc priest.
You bite the orc priest. You drain its power.
You feel invigorated.
The orc priest is heavily wounded.
The orc priest barely misses you.
You hit the orc priest but do no damage.
Your bite misses the orc priest.
The orc priest is heavily wounded.
The orc priest invokes the aid of Beogh against you.
Beogh smites you!
You die...

. .# .. #.
####..#####
#.....o@<.#
#.........#
#.........#
###########


You could see an orc priest.

Vanquished Creatures
  An orc wizard (D:3)
  2 adders (D:2)
  An ooze (D:1)
  A leopard gecko (D:1)
  2 orcs (D:2)
  3 bats (D:1)
  3 giant cockroaches (D:2)
  6 goblins
  12 hobgoblins
  4 jackals (D:1)
  A frilled lizard (D:2)
  8 kobolds
  10 rats
54 creatures vanquished.

Vanquished Creatures (others)
  7 toadstools (D:1)
7 creatures vanquished.

Grand Total: 61 creatures vanquished

Notes
Turn   | Place    | Note
-------+----------+-------------------------------------------
     0 | D:1      | Esekla the Vine Stalker Conjurer began the quest for the
                  | Orb.
     0 | D:1      | Reached XP level 1. HP: 9/9 MP: 4/4
   204 | D:1      | Reached XP level 2. HP: 13/13 MP: 3/6
   281 | D:1      | Learned a level 2 spell: Searing Ray
   581 | D:2      | Reached XP level 3. HP: 11/17 MP: 1/7
   814 | D:1      | Learned a level 3 spell: Dazzling Spray
   921 | D:1      | Reached skill level 1 in Fighting
  1173 | D:2      | Gained mutation: Your natural rate of healing is unusually
                  | fast. [Vine Stalker growth]
  1173 | D:2      | Reached XP level 4. HP: 22/22 MP: 8/8
  1715 | D:3      | Reached skill level 1 in Short Blades
  1715 | D:3      | Reached skill level 5 in Conjurations
  1715 | D:3      | Reached skill level 1 in Hexes
  1718 | D:3      | Killed from afar by an orc priest

Skill      XL: |  1  2  3  4 |
---------------+-------------+-----
Fighting       | 1 |  1.4
Short Blades   | 1 |  1.0
Conjurations   | 5 |  5.0
Hexes          | 1 |  1.1
Dodging        | |  1.7
Stealth        | |  2.4
Spellcasting   | |  2.6

Action                   |  1- 3 |  4- 6 || total
-------------------------+-------+-------++-------
Melee: Dagger            |    36 |    18 ||    54
       Unarmed           |     1 |       ||     1
       Bite              |     6 |     3 ||     9
 Cast: Magic Dart        |    36 |    15 ||    51
       Searing Ray       |     4 |     2 ||     6
       Dazzling Spray    |       |     1 ||     1
 Stab: Sleeping          |     8 |     2 ||    10
  Eat: Ration            |     1 |       ||     1
Armor: Robe              |     8 |     5 ||    13
Dodge: Dodged            |    18 |     8 ||    26
